MLB
BALTIMORE ORIOLES @ NEW YORK YANKEES
06/23/2098
 
TOP OF THE 1ST
Baltimore Orioles batting - Pitching for New York Yankees : RHP Josh Morgan
Pitching: RHP Josh Morgan
Batting: RHB Ed Pollock 0-0: DOUBLE (Line Drive, 78D, EV 107.5 MPH)
Batting: LHB Jerry Peterson 0-0: Ball
1-0: Ball
2-0: Called Strike
2-1: Foul Ball, location: 5F
2-2: Fly out, F9 (Flyball, 89S, EV 77.5 MPH)
Batting: RHB Eduardo Lopez 0-0: Called Strike
0-1: Ball
1-1: Ball
2-1: Called Strike
2-2: Fly out, F8 (Flyball, 8RM, EV 88.1 MPH)
Runner from 2nd tags up, SAFE at 3rd with throw by CF
Batting: RHB Jonathan Skye 0-0: Foul Ball, location: 3F
0-1: Ball
1-1: Ball
2-1: Called Strike
2-2: SINGLE (Groundball, 34D, EV 100.0 MPH)
Ed Pollock scores
Batting: LHB Kenny West 0-0: Ball
1-0: Ground out 4-3 (Groundball, 4, EV 91.9 MPH)
Top of the 1st over - 1 run, 2 hits, 0 errors, 1 left on base; Baltimore 1 - New York 0
BOTTOM OF THE 1ST
New York Yankees batting - Pitching for Baltimore Orioles : RHP Jarrett Lazarony
Pitching: RHP Jarrett Lazarony
Batting: LHB John Blair 0-0: Called Strike
0-1: Called Strike
0-2: Foul Ball, location: 2F
0-2: Ball
1-2: Strikes out swinging
Batting: RHB Cedric Tracy 0-0: Called Strike
0-1: Foul Ball, location: 2F
0-2: Ball
1-2: Foul Ball, location: 2F
1-2: Ball
2-2: Reached on error, E6 (Groundball, 6, EV 89.4 MPH)
Batting: RHB Brandon Thomas 0-0: Called Strike
0-1: Foul Ball, location: 9LMF
0-2: Ball
1-2: Fly out, F8 (Flyball, 89D, EV 92.5 MPH)
Batting: LHB Bill Hayden 0-0: Called Strike
0-1: Ball
1-1: Called Strike
1-2: SINGLE (Groundball, 4MD, EV 107.5 MPH)
Cedric Tracy to second
Runner from 2nd tries for 3rd, SAFE, throw by CF made to third
Batting: SHB Seth Hardenbrook 0-0: Called Strike
0-1: Ball
1-1: Foul Ball, location: 3F
1-2: Strikes out looking
Bottom of the 1st over - 0 runs, 1 hit, 1 error, 2 left on base; Baltimore 1 - New York 0
TOP OF THE 2ND
Baltimore Orioles batting - Pitching for New York Yankees : RHP Josh Morgan
Batting: LHB Nate Wagner 0-0: Ball
1-0: Swinging Strike
1-1: Fly out, F9 (Flyball, 9D, EV 92.5 MPH)
Batting: RHB Travis Darling 0-0: Swinging Strike
0-1: Ball
1-1: Swinging Strike
1-2: Strikes out swinging
Batting: RHB Victor Rojas 0-0: Called Strike
0-1: Ball
1-1: Called Strike
1-2: Hit by Pitch
Batting: RHB Danny Haner 0-0: Called Strike
0-1: Foul Ball, location: 5FF
0-2: Ball
1-2: Ground out 5-3 (Groundball, 56S, EV 88.8 MPH)
Top of the 2nd over - 0 runs, 0 hits, 0 errors, 1 left on base; Baltimore 1 - New York 0
BOTTOM OF THE 2ND
New York Yankees batting - Pitching for Baltimore Orioles : RHP Jarrett Lazarony
Batting: LHB Ryan McCullough 0-0: Foul Ball, location: 2F
0-1: Ball
1-1: Foul Ball, location: 7LMF
1-2: Ground out 4-3 (Groundball, 4, EV 83.8 MPH)
Batting: SHB Chris Clark 0-0: Ball
1-0: Foul Ball, location: 7LMF
1-1: Foul Ball, location: 5SF
1-2: Foul Ball, location: 2F
1-2: Ball
2-2: Foul Ball, location: 9LSF
2-2: Fly out, F7 (Line Drive, 7LM, EV 110.6 MPH)
Batting: LHB Bobby Brown 0-0: Ball
1-0: Called Strike
1-1: Ball
2-1: Called Strike
2-2: Foul Ball, location: 3DF
2-2: Strikes out looking
Bottom of the 2nd over - 0 runs, 0 hits, 0 errors, 0 left on base; Baltimore 1 - New York 0
TOP OF THE 3RD
Baltimore Orioles batting - Pitching for New York Yankees : RHP Josh Morgan
Batting: RHB Ed Pollock 0-0: Bunt for hit to 5S - play at first, batter safe!
Batting: LHB Jerry Peterson 0-0: Called Strike
0-1: Foul Ball, location: 3FF
0-2: Ball
1-2: Fly out, F6 (Popup, 6S, EV 70.6 MPH)
Batting: RHB Eduardo Lopez 0-0: Swinging Strike
0-1: Ball
Ed Pollock steals 2nd base (no throw)
1-1: SINGLE (Line Drive, 89S, EV 89.4 MPH)
Ed Pollock to third
Batting: RHB Jonathan Skye 0-0: Swinging Strike
0-1: Ball
1-1: Ball
2-1: DOUBLE (Flyball, 8RXD, EV 109.4 MPH)
Ed Pollock scores
Eduardo Lopez to third
Runner from 3rd tries for Home, SAFE, throw by CF to home
Batting: LHB Kenny West 0-0: Called Strike
0-1: Fly out, F8 (Flyball, 8LD, EV 105.0 MPH)
Batting: LHB Nate Wagner 0-0: Ball
1-0: Ball
2-0: Foul Ball, location: 5FF
2-1: Foul Ball, location: 3DF
2-2: SINGLE (Groundball, 6M, EV 99.4 MPH) (infield hit)
Jonathan Skye to third
Batting: RHB Travis Darling 0-0: Ball
Wild Pitch!
Jonathan Skye scores
Nate Wagner to second
1-0: SINGLE (Line Drive, 8LS, EV 93.8 MPH)
Nate Wagner to third
Runner from 3rd tries for Home, SAFE, throw by CF to home
Batting: RHB Victor Rojas 0-0: Called Strike
Travis Darling is caught stealing 2nd base 2-4
Top of the 3rd over - 4 runs, 5 hits, 0 errors, 0 left on base; Baltimore 5 - New York 0
BOTTOM OF THE 3RD
New York Yankees batting - Pitching for Baltimore Orioles : RHP Jarrett Lazarony
Batting: RHB Matt Foulds 0-0: Ground out 6-3 (Groundball, 6M, EV 85.0 MPH)
Batting: LHB John Blair 0-0: Called Strike
0-1: Fly out, F8 (Line Drive, 78M, EV 93.1 MPH)
Batting: RHB Cedric Tracy 0-0: DOUBLE (Line Drive, 9LM, EV 105.0 MPH)
Batting: RHB Brandon Thomas 0-0: Called Strike
0-1: Ball
1-1: Ball
2-1: SINGLE (Groundball, 34D, EV 110.6 MPH)
Cedric Tracy to third
Runner from 3rd tries for Home, SAFE, throw by RF to home
Batting: LHB Bill Hayden 0-0: Swinging Strike
0-1: 2-RUN HOME RUN (Flyball, 7LD, EV 94.4 MPH), Distance : 339 ft
Batting: SHB Seth Hardenbrook 0-0: Ball
1-0: Called Strike
1-1: Called Strike
1-2: Foul Ball, location: 5F
1-2: Ball
2-2: Ground out 4-3 (Groundball, 4, EV 96.3 MPH)
Bottom of the 3rd over - 3 runs, 3 hits, 0 errors, 0 left on base; Baltimore 5 - New York 3
TOP OF THE 4TH
Baltimore Orioles batting - Pitching for New York Yankees : RHP Josh Morgan
Batting: RHB Victor Rojas 0-0: Ball
1-0: Called Strike
1-1: Ground out 4-3 (Groundball, 4, EV 84.4 MPH)
Batting: RHB Danny Haner 0-0: Ball
1-0: Ball
2-0: Ball
3-0: Called Strike
3-1: Called Strike
3-2: Foul Ball, location: 9LSF
3-2: SINGLE (Flyball, 4D, EV 89.4 MPH)
Batting: RHB Ed Pollock 0-0: Ball
1-0: Called Strike
1-1: Ground out 5-3 (Groundball, 56S, EV 67.5 MPH)
Danny Haner to second
Batting: LHB Jerry Peterson 0-0: Ball
1-0: Ball
2-0: Ball
3-0: Called Strike
3-1: Base on Balls
Batting: RHB Eduardo Lopez 0-0: Called Strike
0-1: Ball
1-1: Ball
2-1: Called Strike
2-2: Foul Ball, location: 2LF
2-2: Ball
3-2: Fly out, F5 (Popup, 56S, EV 66.9 MPH)
Top of the 4th over - 0 runs, 1 hit, 0 errors, 2 left on base; Baltimore 5 - New York 3
BOTTOM OF THE 4TH
New York Yankees batting - Pitching for Baltimore Orioles : RHP Jarrett Lazarony
Batting: LHB Ryan McCullough 0-0: Ball
1-0: Ball
2-0: Called Strike
2-1: Fly out, F7 (Flyball, 7, EV 91.3 MPH)
Batting: SHB Chris Clark 0-0: Swinging Strike
0-1: Ground out 4-3 (Groundball, 4, EV 86.9 MPH)
Batting: LHB Bobby Brown 0-0: Ball
1-0: Ball
2-0: Fly out, F7 (Flyball, 78D, EV 91.9 MPH)
Bottom of the 4th over - 0 runs, 0 hits, 0 errors, 0 left on base; Baltimore 5 - New York 3
TOP OF THE 5TH
Baltimore Orioles batting - Pitching for New York Yankees : RHP Josh Morgan
Batting: RHB Jonathan Skye 0-0: Swinging Strike
0-1: Ball
1-1: SINGLE (Flyball, 9LS, EV 88.1 MPH)
Batting: LHB Kenny West 0-0: Called Strike
0-1: Called Strike
0-2: Ball
1-2: Ball
2-2: Ball
3-2: Fly out, F7 (Flyball, 7, EV 87.5 MPH)
Batting: LHB Nate Wagner 0-0: Foul Ball, location: 7LSF
0-1: Foul Ball, location: 3FF
0-2: Ball
Jonathan Skye is caught stealing 2nd base 2-6
1-2: Ball
2-2: Ball
3-2: SINGLE (Line Drive, 78M, EV 99.4 MPH)
Batting: RHB Travis Darling 0-0: DOUBLE (Flyball, 89XD, EV 108.8 MPH)
Nate Wagner to third
Runner from 3rd tries for Home, SAFE, throw by RF to home
Pitching: RHP Curt Browning
Batting: RHB Victor Rojas 0-0: Swinging Strike
0-1: Called Strike
0-2: Ball
1-2: Ball
2-2: Foul Ball, location: 3DF
2-2: Ball
3-2: DOUBLE (Line Drive, 89D, EV 104.4 MPH)
Travis Darling scores
Batting: RHB Danny Haner 0-0: Foul Ball, location: 2F
0-1: Foul Ball, location: 25F
0-2: Foul Ball, location: 25F
0-2: Fly out, F7 (Flyball, 78D, EV 96.9 MPH)
Top of the 5th over - 2 runs, 4 hits, 0 errors, 1 left on base; Baltimore 7 - New York 3
BOTTOM OF THE 5TH
New York Yankees batting - Pitching for Baltimore Orioles : RHP Jarrett Lazarony
Batting: RHB Matt Foulds 0-0: Ball
1-0: Ball
2-0: Called Strike
2-1: Ground out 6-3 (Groundball, 15, EV 86.9 MPH)
Batting: LHB John Blair 0-0: Called Strike
0-1: Ball
1-1: Swinging Strike
1-2: Ball
2-2: Ball
3-2: Strikes out looking
Batting: RHB Cedric Tracy 0-0: Called Strike
0-1: Foul Ball, location: 2F
0-2: Foul Ball, location: 23FF
0-2: Strikes out swinging
Bottom of the 5th over - 0 runs, 0 hits, 0 errors, 0 left on base; Baltimore 7 - New York 3
TOP OF THE 6TH
Baltimore Orioles batting - Pitching for New York Yankees : RHP Curt Browning
Batting: RHB Ed Pollock 0-0: Foul Ball, location: 2F
0-1: Foul Ball, location: 2F
0-2: Ball
1-2: Fly out, F7 (Flyball, 7S, EV 86.9 MPH)
Batting: LHB Jerry Peterson 0-0: Called Strike
0-1: Swinging Strike
0-2: Ball
1-2: Foul Ball, location: 5F
1-2: SINGLE (Groundball, 34D, EV 100.0 MPH)
Batting: RHB Eduardo Lopez 0-0: Foul Ball, location: 2F
0-1: Ball
1-1: Grounds into double play, 4-6-3 (Groundball, 4S, EV 77.5 MPH)
Top of the 6th over - 0 runs, 1 hit, 0 errors, 0 left on base; Baltimore 7 - New York 3
BOTTOM OF THE 6TH
New York Yankees batting - Pitching for Baltimore Orioles : RHP Jarrett Lazarony
Batting: RHB Brandon Thomas 0-0: Called Strike
0-1: Ground out 4-3 (Groundball, 4M, EV 103.1 MPH)
Batting: LHB Bill Hayden 0-0: Called Strike
0-1: Swinging Strike
0-2: Ball
1-2: Ball
2-2: Ball
3-2: Ground out 4-3 (Groundball, 34D, EV 100.6 MPH)
Batting: SHB Seth Hardenbrook 0-0: Ball
1-0: Foul Ball, location: 2F
1-1: Swinging Strike
1-2: Ball
2-2: Ball
3-2: Foul Ball, location: 7LMF
3-2: Strikes out swinging
Bottom of the 6th over - 0 runs, 0 hits, 0 errors, 0 left on base; Baltimore 7 - New York 3
TOP OF THE 7TH
Baltimore Orioles batting - Pitching for New York Yankees : RHP Curt Browning
Batting: RHB Jonathan Skye 0-0: Called Strike
0-1: SINGLE (Line Drive, 34D, EV 106.3 MPH)
Batting: LHB Kenny West 0-0: Ball
1-0: Swinging Strike
1-1: Foul Ball, location: 2F
1-2: Strikes out looking
Batting: LHB Nate Wagner 0-0: Called Strike
Jonathan Skye steals 2nd base
0-1: Ground out 5-3 (Groundball, 56, EV 107.5 MPH)
Batting: RHB Travis Darling 0-0: Ball
1-0: Fly out, F2 (Popup, 2R, EV 86.9 MPH)
Top of the 7th over - 0 runs, 1 hit, 0 errors, 1 left on base; Baltimore 7 - New York 3
BOTTOM OF THE 7TH
New York Yankees batting - Pitching for Baltimore Orioles : RHP Jarrett Lazarony
Pitching: RHP Justin Flowers
Batting: LHB Ryan McCullough 0-0: Swinging Strike
0-1: Swinging Strike
0-2: Ball
1-2: Foul Ball, location: 9LDF
1-2: Fly out, F2 (Popup, 2LF, EV 88.8 MPH)
Batting: SHB Chris Clark 0-0: Called Strike
0-1: Foul Ball, location: 7LDF
0-2: Foul Ball, location: 7LSF
0-2: Strikes out swinging
Batting: LHB Bobby Brown 0-0: Ball
1-0: SINGLE (Groundball, 56, EV 105.0 MPH) (infield hit)
Batting: RHB Matt Foulds 0-0: Foul Ball, location: 2F
0-1: Swinging Strike
0-2: Strikes out swinging
Bottom of the 7th over - 0 runs, 1 hit, 0 errors, 1 left on base; Baltimore 7 - New York 3
TOP OF THE 8TH
Baltimore Orioles batting - Pitching for New York Yankees : RHP Curt Browning
Batting: RHB Victor Rojas 0-0: Ball
1-0: Called Strike
1-1: Ball
2-1: Foul Ball, location: 2F
2-2: Foul Ball, location: 23F
2-2: Ground out 4-3 (Groundball, 4, EV 88.8 MPH)
Batting: RHB Danny Haner 0-0: Ball
1-0: Ball
2-0: Ball
3-0: Base on Balls
Pitching: RHP Luis Ramos
Batting: RHB Ed Pollock 0-0: Ball
1-0: Fly out, F8 (Line Drive, 8RD, EV 105.6 MPH)
Batting: LHB Jerry Peterson 0-0: Called Strike
0-1: Foul Ball, location: 2F
0-2: Fly out, F8 (Flyball, 8RD, EV 93.1 MPH)
Top of the 8th over - 0 runs, 0 hits, 0 errors, 1 left on base; Baltimore 7 - New York 3
BOTTOM OF THE 8TH
New York Yankees batting - Pitching for Baltimore Orioles : RHP Justin Flowers
Batting: LHB John Blair 0-0: Called Strike
0-1: Fly out, F7 (Flyball, 7D, EV 96.9 MPH)
Batting: RHB Cedric Tracy 0-0: Called Strike
0-1: Ball
1-1: Swinging Strike
1-2: Strikes out looking
Batting: RHB Brandon Thomas 0-0: Called Strike
0-1: Ball
1-1: Ball
2-1: Swinging Strike
2-2: Ball
3-2: Base on Balls
Batting: LHB Bill Hayden 0-0: Ball
1-0: Ball
2-0: Called Strike
2-1: Ball
3-1: Foul Ball, location: 7LDF
3-2: Ground out 4-3 (Groundball, 34, EV 86.3 MPH)
Bottom of the 8th over - 0 runs, 0 hits, 0 errors, 1 left on base; Baltimore 7 - New York 3
TOP OF THE 9TH
Baltimore Orioles batting - Pitching for New York Yankees : RHP Luis Ramos
Batting: RHB Eduardo Lopez 0-0: Ball
1-0: SINGLE (Popup, 15, EV 75.6 MPH)
Batting: RHB Jonathan Skye 0-0: Ball
1-0: Ball
2-0: Ball
3-0: Base on Balls
Eduardo Lopez to second
Batting: LHB Kenny West 0-0: Swinging Strike
0-1: Called Strike
0-2: Foul Ball, location: 2F
0-2: Ball
1-2: Foul Ball, location: 7LSF
1-2: Strikes out looking
Batting: LHB Nate Wagner 0-0: Ball
1-0: Called Strike
1-1: Called Strike
1-2: Foul Ball, location: 2F
1-2: Foul Ball, location: 3FF
1-2: SINGLE (Line Drive, 6M, EV 101.3 MPH)
Eduardo Lopez to third
Jonathan Skye to second
Batting: RHB Travis Darling 0-0: Called Strike
0-1: Ball
1-1: Foul Ball, location: 2F
1-2: Hit by Pitch
Eduardo Lopez scores
Jonathan Skye to third
Nate Wagner to second
Batting: RHB Victor Rojas 0-0: Called Strike
0-1: SINGLE (Groundball, 6MD, EV 96.3 MPH)
Jonathan Skye scores
Nate Wagner to third
Travis Darling to second
Runner from 3rd tries for Home, SAFE, throw by CF to home
Batting: RHB Danny Haner 0-0: Called Strike
0-1: Called Strike
0-2: SINGLE (Groundball, 6MS, EV 69.4 MPH) (infield hit)
Travis Darling to third
Victor Rojas to second
Batting: RHB Ed Pollock 0-0: Ball
1-0: Called Strike
1-1: SINGLE (Groundball, 4MD, EV 103.8 MPH)
Travis Darling scores
Victor Rojas to third
Danny Haner to second
Batting: LHB Jerry Peterson 0-0: Ball
1-0: Foul Ball, location: 2F
1-1: Ball
2-1: Ball
3-1: Swinging Strike
3-2: Foul Ball, location: 5F
3-2: GRAND SLAM HOME RUN (Line Drive, 9D, EV 98.8 MPH), Distance : 389 ft
Pitching: LHP Bob Chartier
Batting: RHB Eduardo Lopez 0-0: Ball
1-0: Ball
2-0: Called Strike
2-1: Ball
3-1: Swinging Strike
3-2: SINGLE (Line Drive, 6D, EV 105.6 MPH)
Batting: RHB Jonathan Skye 0-0: Ball
1-0: Called Strike
1-1: Fly out, F8 (Line Drive, 8LM, EV 93.8 MPH)
Batting: LHB Kenny West 0-0: 2-RUN HOME RUN (Flyball, 9LD, EV 94.4 MPH), Distance : 349 ft
Batting: LHB Nate Wagner 0-0: Swinging Strike
0-1: Swinging Strike
0-2: Foul Ball, location: 2F
0-2: Ball
1-2: Ball
2-2: Ball
3-2: Base on Balls
Batting: RHB Travis Darling 0-0: Ball
1-0: Called Strike
1-1: Ball
2-1: DOUBLE (Line Drive, 7LS, EV 105.6 MPH)
Nate Wagner to third
Runner from 3rd tries for Home, SAFE, throw by LF to trailing runner, OUT at third! 7-3-5
Top of the 9th over - 11 runs, 9 hits, 0 errors, 0 left on base; Baltimore 18 - New York 3
BOTTOM OF THE 9TH
New York Yankees batting - Pitching for Baltimore Orioles : RHP Justin Flowers
Pitching: RHP Brandon Alexander
Batting: SHB Seth Hardenbrook 0-0: Called Strike
0-1: Ground out U3 (Groundball, 3, EV 102.5 MPH)
Batting: LHB Ryan McCullough 0-0: Ball
1-0: Called Strike
1-1: Ball
2-1: Ball
3-1: Foul Ball, location: 9LMF
3-2: DOUBLE (Flyball, 8RXD, EV 110.6 MPH)
Batting: SHB Chris Clark 0-0: Ball
1-0: Foul Ball, location: 9LSF
1-1: SINGLE (Groundball, 6MD, EV 108.8 MPH) (infield hit)
Ryan McCullough to third
Batting: LHB Bobby Brown 0-0: SINGLE (Flyball, 56D, EV 91.9 MPH)
Ryan McCullough scores
Chris Clark to second
Pinch Hitting: SHB Ethan Gavin 0-0: Called Strike
0-1: Ball
1-1: Foul Ball, location: 2F
1-2: SINGLE (Line Drive, 5D, EV 99.4 MPH)
Chris Clark to third
Bobby Brown to second
Batting: LHB John Blair 0-0: Foul Ball, location: 7LDF
0-1: Foul Ball, location: 3DF
0-2: Foul Ball, location: 5DF
0-2: Ball
1-2: Ball
2-2: Foul Ball, location: 3DF
2-2: Strikes out swinging
Batting: RHB Cedric Tracy 0-0: Foul Ball, location: 5SF
0-1: Ball
1-1: Ball
2-1: Foul Ball, location: 23F
2-2: Ball
3-2: Ground out 3-1 (Groundball, 34S, EV 86.9 MPH)
Bottom of the 9th over - 1 run, 4 hits, 0 errors, 3 left on base; Baltimore 18 - New York 4
Sunday, April 7th , 2024 - OOTP Baseball 24.11 Build 85